 Dungeon Crawl Stone Soup version 0.18-a0-1088-g34ef3a2 (webtiles) character file.

4193 ater218 the Protected (level 10, -16/90 HPs)
             Began as a Minotaur Berserker on Jan 15, 2016.
             Was an Elder of Trog.
             Demolished by a two-headed ogre
             ... wielding a +0 dire flail
              (22 damage)
             ... on level 8 of the Dungeon.
             The game lasted 00:30:59 (7741 turns).

ater218 the Protected (Minotaur Berserker)          Turns: 7741, Time: 00:31:01

Health: -16/90     AC: 16    Str: 28    XL:     10   Next: 8%
Magic:  9/9        EV: 10    Int:  4    God:    Trog [****..]
Gold:   489        SH:  0    Dex: 10    Spells: 0 memorised, 9 levels left

rFire  + . .     SeeInvis .     w - +1 scythe
rCold  . . .     Gourm    +     B - +0 plate armour
rNeg   . . .     Faith    .     (shield currently unavailable)
rPois  .         Spirit   .     (helmet restricted)
rElec  .         Dismiss  .     C - +0 cloak
rCorr  .         Reflect  .     (no gloves)
SustAt .         Harm     .     (no boots)
MR     ++...                    f - amulet of the gourmand
Stlth  ..........               j - +3 ring of strength
                                y - ring of flight

@: lethally poisoned (-16 -> -17), exhausted, regenerating, slowed, very slow,
very resistant to hostile enchantments, extremely unstealthy
A: retaliatory headbutt, horns 2, fire resistance 1, screaming 1, MP-powered
wands
a: Berserk, Trog's Hand, Brothers in Arms, Burn Spellbooks, Renounce Religion,
Evoke Flight


You were on level 8 of the Dungeon.
You worshipped Trog.
Trog was greatly pleased with you.
You were not hungry.

You visited 1 branch of the dungeon, and saw 8 of its levels.

You collected 489 gold pieces.

Inventory:

Hand Weapons
 s - a +0 shortbow
 w - a +1 scythe (weapon)
Missiles
 v - 40 arrows
Armour
 b - a +0 buckler
 B - a +0 plate armour (worn)
 C - a +0 cloak (worn)
Jewellery
 f - an amulet of the gourmand (around neck)
 j - a +3 ring of strength (right hand)
 y - a ring of flight (left hand)
 A - a cursed ring of loudness {unknown}
Scrolls
 a - a scroll of random uselessness {unknown}
 d - 4 scrolls of teleportation
 h - 6 scrolls of identify
 l - 4 scrolls of magic mapping
 m - 2 scrolls of remove curse
 z - a scroll of enchant weapon
 D - a scroll of amnesia {unknown}
Potions
 c - 2 potions of might
 e - a potion of brilliance
 i - 2 potions of heal wounds
 k - 2 potions of flight
 n - 2 potions of magic
 q - a potion of agility
 t - a potion of curing {unknown}
Comestibles
 g - 2 fruits
 p - 2 slices of pizza
 r - 2 meat rations
 u - 2 beef jerkies
 x - 4 bread rations


   Skills:
 + Level 8.6 Fighting
 + Level 9.6 Polearms
 + Level 11.2 Armour
 + Level 6.3 Dodging
 + Level 0.8 Shields


You had 9 spell levels left.
You didn't know any spells.

Dungeon Overview and Level Annotations

Branches:
Dungeon (8/15)             Temple (0/1) D:6
   Lair: D:8-11

Altars:
Cheibriados
Elyvilon
Nemelex Xobeh
Qazlal
Yredelemnul
The Shining One

Shops:
D:5 =?   D:7 !


Innate Abilities, Weirdness & Mutations

You reflexively headbutt those who attack you in melee.
You have a pair of horns on your head.
Your flesh is heat resistant.
You occasionally shout uncontrollably at your foes.
You expend magic power (3 MP) to strengthen your wands.


Message History

Things that are here:
a flail; an orc corpse You feel a strong urge to attack something.
You are no longer berserk.
You are exhausted.
You feel yourself slow down.
You feel sick.
You slice the two-headed ogre!! You headbutt the two-headed ogre.
The two-headed ogre is severely wounded.
You feel very sick.
The two-headed ogre hits you with a dire flail!
* * * LOW HITPOINT WARNING * * *
The two-headed ogre barely misses you. The worker ant zombie misses you.
The two-headed ogre hits you with a dire flail!
* * * LOW HITPOINT WARNING * * *
The two-headed ogre closely misses you.
The worker ant zombie closely misses you.
The two-headed ogre hits you with a dire flail.
* * * LOW HITPOINT WARNING * * *
The two-headed ogre hits you with a giant club!!
You die...

...... .........#
#...... ...[.....#
#....... ##
$........#####......###.
...................<.##.
.....................##.
.....................##)
.......O.............)..
.......@.......#.....###
.......Z)............# #
.......)†............# #
.......[....#........# #
.......$...##....)[..# #
....#########........# #
.... #.....#### # ###
#.....# # #.....# #


You could see a two-headed ogre and a worker ant zombie.

Vanquished Creatures
  A troll (D:8)
  The ghost of Uberwunderbarhen the Firebug, a novice DEFE (D:4)
  Sigmund (D:5)
  A hungry ghost (D:8)
  2 orc warriors
  2 sky beasts
  A black bear (D:7)
  An ogre (D:6)
  4 phantoms
  A centaur (D:5)
  2 giant frogs
  A gnoll sergeant (D:5)
  A wyvern skeleton (D:7)
  4 scorpions
  10 wights
  A giant frog zombie (D:5)
  2 crimson imps (D:6)
  4 jellies
  A giant frog skeleton (D:5)
  An orc priest (D:3)
  12 orc wizards
  A centaur skeleton (D:4)
  4 hounds
  3 iguanas
  7 worker ants
  A killer bee zombie (D:6)
  A hound zombie (D:7)
  A hound skeleton (D:6)
  Robin (D:4)
  10 adders
  6 gnolls (D:5)
  2 adder skeletons (D:8)
  3 worms
  2 giant geckos (D:5)
  22 orcs
  8 bats
  8 giant cockroaches
  2 gnoll zombies (D:5)
  10 goblins
  14 hobgoblins
  4 jackals (D:5)
  8 kobolds
  7 quokkas
  A ball python (D:4)
  A giant gecko skeleton (D:5)
  3 giant gecko zombies
  7 giant newts
  A quokka zombie (D:8)
  9 rats
201 creatures vanquished.

Vanquished Creatures (others)
  The ghost of Uberwunderbarhen the Firebug, a novice DEFE (D:5)
1 creature vanquished.

Grand Total: 202 creatures vanquished

Notes
Turn   | Place    | Note
--------------------------------------------------------------
     0 | D:1      | ater218 the Minotaur Berserker began the quest for the Orb.
     0 | D:1      | Reached XP level 1. HP: 19/19 MP: 0/0
   250 | D:1      | Reached XP level 2. HP: 21/27 MP: 1/1
   319 | D:1      | Reached skill level 4 in Polearms
   379 | D:1      | Reached ** piety under Trog
   506 | D:1      | Reached XP level 3. HP: 33/33 MP: 2/2
  1713 | D:3      | Reached XP level 4. HP: 38/41 MP: 3/3
  1781 | D:3      | Noticed an earth elemental
  1783 | D:3      | Found a stormy altar of Qazlal.
  1785 | D:3      | Noticed an air elemental
  1785 | D:3      | Noticed a water elemental
  1785 | D:3      | Noticed a fire elemental
  2261 | D:4      | Noticed Uberwunderbarhen's ghost (novice DEFE)
  2269 | D:4      | Killed Uberwunderbarhen's ghost
  2269 | D:4      | Reached skill level 5 in Fighting
  2269 | D:4      | Reached skill level 5 in Polearms
  2269 | D:4      | Reached XP level 5. HP: 50/50 MP: 4/4
  2269 | D:4      | Reached XP level 6. HP: 57/57 MP: 5/5
  2364 | D:4      | Noticed Robin
  2399 | D:4      | Killed Robin
  2401 | D:4      | Reached *** piety under Trog
  2766 | D:4      | Reached XP level 7. HP: 61/62 MP: 6/6
  2773 | D:4      | Reached skill level 6 in Fighting
  2773 | D:4      | Reached skill level 5 in Armour
  3636 | D:5      | Entered Level 5 of the Dungeon
  3944 | D:5      | Found a white marble altar of Elyvilon.
  3965 | D:5      | Reached skill level 5 in Dodging
  3965 | D:5      | Reached XP level 8. HP: 51/71 MP: 7/7
  3969 | D:5      | Reached skill level 7 in Armour
  4150 | D:5      | Found Axatiu Laym's Magic Scroll Boutique.
  4151 | D:5      | Noticed Uberwunderbarhen's ghost (novice DEFE)
  4162 | D:5      | Killed Uberwunderbarhen's ghost
  4162 | D:5      | Reached skill level 8 in Armour
  4459 | D:5      | Noticed Sigmund
  4500 | D:5      | Killed Sigmund
  4608 | D:5      | Reached skill level 9 in Armour
  4706 | D:5      | Found Higraef's Jewellery Shoppe.
  4933 | D:5      | Found a basalt altar of Yredelemnul.
  5237 | D:6      | Reached XP level 9. HP: 75/79 MP: 8/8
  5279 | D:6      | Found a staircase to the Ecumenical Temple.
  5589 | D:6      | Reached skill level 10 in Armour
  5629 | D:6      | Got a pair of fine boots
  5639 | D:6      | Identified the cursed -5 pair of boots of Joy {rElec} (You found it on level 6 of the Dungeon)
  6017 | D:7      | Found a snail-covered altar of Cheibriados.
  6043 | D:7      | Reached **** piety under Trog
  6096 | D:7      | Found a sparkling altar of Nemelex Xobeh.
  6106 | D:7      | Found a glowing golden altar of the Shining One.
  6198 | D:7      | Found Eqymuc's Distillery.
  6555 | D:7      | Gained mutation: Your flesh is heat resistant. [potion of mutation]
  6555 | D:7      | Gained mutation: You occasionally shout uncontrollably at your foes. [potion of mutation]
  6555 | D:7      | Gained mutation: You expend magic power (3 MP) to strengthen your wands. [potion of mutation]
  7691 | D:8      | Reached skill level 11 in Armour
  7730 | D:8      | Noticed a troll
  7734 | D:8      | Reached XP level 10. HP: 74/90 MP: 9/9
  7741 | D:8      | Demolished by a two-headed ogre

Vault maps used:
D:1:      dpeg_arrival_sounds_slurp
D:3:      minmay_misc_feat_chi, grunt_ministairs_7,
          nicolae_qazlal_style_of_elements
D:4:      uniq_robin
D:5:      elyvilon_altar_1, lemuel_zombie_altar_yredelemnul,
          gup_sewer_entry_bowl, first_bread, serial_shops, kennysheep_mini_moat,
          shop, uniq_sigmund
D:6:      temple_pool_a, corner_web_ring
D:7:      nicolae_overflow_hidden_temple, serial_shops, shop
D:8:      led_sif_book, the_bakery, hangedman_decor_lopped

Action                   |  1- 3 |  4- 6 |  7- 9 | 10-12 || total
-------------------------+-------+-------+-------+-------++-------
Melee: Spear             |   105 |    88 |   121 |       ||   314
       Trident           |       |       |     4 |       ||     4
       Scythe            |       |       |   222 |     5 ||   227
Invok: Berserk           |       |     4 |     5 |       ||     9
       Trog's Hand       |       |     3 |     4 |       ||     7
  Use: Scroll            |     1 |       |    10 |       ||    11
       Potion            |       |       |     9 |       ||     9
  Eat: Chunk             |     2 |     4 |    37 |       ||    43
       Bread ration      |       |     1 |       |       ||     1
